 Dungeon Crawl Stone Soup version 0.29-a0-676-ga64570c9d2 (webtiles) character file.

Game seed: 882139940041916534

3439 snarfax the Fighter (level 10, -1/113 (117) HPs)
             Began as an Ogre Berserker on June 23, 2022.
             Was an Elder of Trog.
             Shot with an arrow by a centaur (11 damage)
             ... on level 8 of the Dungeon on June 24, 2022.
             The game lasted 00:36:13 (12576 turns).

snarfax the Fighter (Ogre Berserker)               Turns: 12576, Time: 00:36:15

HP:   -1/113 (117)  AC:  4    Str: 27    XL:     10   Next: 5%
MP:   10/10         EV: 11    Int:  8    God:    Trog [****..]
Gold: 590           SH:  0    Dex:  8    Spells: 9/9 levels left

rFire   . . .      SeeInvis .   h - +3 hand axe
rCold   . . .      Faith    .   (no shield)
rNeg    . . .      Spirit   .   b - +0 animal skin
rPois   +          Reflect  .   (helmet restricted)
rElec   .          Harm     .   q - +0 cloak
rCorr   .          Rampage  .   (gloves unavailable)
Will    +....                   (boots unavailable)
Stlth   +.........              (no amulet)
HPRegen 0.28/turn               p - ring of poison resistance
MPRegen 0.12/turn               (no ring)

@: on berserk cooldown, slowed, studying Crossbows, lightly drained, very slow
A: large, unfitting armour, tough skin 1
a: Renounce Religion, Berserk, Trog's Hand, Brothers in Arms


You were on level 8 of the Dungeon.
You worshipped Trog.
Trog was greatly pleased with you.
You visited 1 branch of the dungeon, and saw 8 of its levels.
You also visited: Sewer and Ossuary.

You collected 590 gold pieces.

Inventory:

Hand Weapons
 a - a +0 hand axe
 h - a +3 hand axe (weapon)
Missiles
 l - 12 poisoned darts (quivered)
Armour
 b - a +0 animal skin (worn)
 q - a +0 cloak (worn)
Jewellery
 p - a ring of poison resistance (left hand)
 s - a ring of magical power
Wands
 y - a wand of acid (8)
 z - a wand of paralysis (3)
Scrolls
 r - 2 scrolls of magic mapping
 u - 4 scrolls of poison
 v - a scroll of identify
 x - a scroll of enchant armour {unknown}
 A - 2 scrolls of fog
Potions
 c - a potion of magic {unknown}
 e - a potion of cancellation {unknown}
 f - 2 potions of brilliance {unknown}
 g - 3 potions of might {unknown}
 i - 2 potions of invisibility {unknown}
 j - 3 potions of haste {unknown}
 k - 2 potions of mutation {unknown}
 m - 3 potions of degeneration
 n - a potion of berserk rage {unknown}
 o - 5 potions of lignification
 t - 2 potions of resistance {unknown}
 w - a potion of curing {unknown}


   Skills:
 + Level 12.4 Fighting
 + Level 8.9 Axes
 + Level 6.5 Dodging


You had 9 spell levels left.
You didn't know any spells.
Your spell library was empty.

Dungeon Overview and Level Annotations

Branches:
Dungeon (8/15)             Temple (0/1) D:6           Sewer (visited)
Ossuary (visited)
   Lair: D:8-11

Altars:

Shops:
D:2 =   D:8 (


Innate Abilities, Weirdness & Mutations

You are too large for most types of armour.
You have tough skin. (AC +1)


Message History

Your ogre hits the centaur with a +0 giant club.
Your skin stops crawling.
You feel less strong-willed.
The centaur shoots an arrow.
The arrow hits your ogre!
Your ogre dies!
Your ogre's corpse disappears in a puff of smoke!
The centaur shoots an arrow.
The arrow hits you!
* * * LOW HITPOINT WARNING * * *
The centaur unwields a +0 shortbow.
The centaur barely misses you. The centaur kicks you.
* * * LOW HITPOINT WARNING * * *
The centaur barely misses you. The centaur closely misses you.
You barely miss the centaur.
The centaur is moderately wounded.
The centaur closely misses you. The centaur kicks you.
* * * LOW HITPOINT WARNING * * *
The centaur hits you.
* * * LOW HITPOINT WARNING * * *
The centaur kicks you but does no damage.
You barely miss the centaur.
The centaur is moderately wounded.
The centaur closely misses you.
The centaur kicks you but does no damage.
The centaur hits you.
* * * LOW HITPOINT WARNING * * *
The centaur kicks you but does no damage.
The centaur hits you.
* * * LOW HITPOINT WARNING * * *
The centaur kicks you but does no damage.
Aiming: Paralyse
Press: ? - help, Shift-Dir - straight line, f - centaur
Aim: a centaur (grey smoke, moderately wounded, chance to affect: 49%)
The centaur suddenly stops moving!
The centaur wields a +0 shortbow.
The centaur shoots an arrow.
The arrow barely misses you.
Aiming: Paralyse
Press: ? - help, Shift-Dir - straight line, f/p - centaur
Aim: a centaur, wielding a +0 shortbow (moderately wounded, chance to affect: 49%)
The centaur resists with some effort.
The centaur shoots an arrow.
The arrow hits you!
You die...

,**,,****,,...,,,,,,,,,,,,,,,,*,,
,**,,,,,,,,#.####*****,,,,,,,,*,,
,**,****,,,#.#..,,,,,,,,,,,,,,*,,
,,*,* *,,,#.#.#######,,,,.,,,***
*,*,* *,,,#.#.#.#...,,,..#,,,**
*,*,*******♣.....#)###....8,,,,*
,,,,,,,*###♣.......).......,,,,**
,*,*****#∩':.....#)#...8...,,8,,,
,*,,* ###♣....@#.#.#.....,,,,,,
,**,** ♣♣♣♣.....#.#.#,....,,,,,,
,,,,,* #.##.....#)#.#8,..∩,,,8,,
,,...####.###....#)#..,,,..,,,,,,
*,..............c#)##.,,,,.,,,,,,
*,,.#.###.####.....#*#,8,,,,,8,**
*,,,#.#......#.....#**,,,,,,,,,*
*,,,#...#.##.##...##,,,,.,8,,,,*
*.,,#.!.#..<......#*,,...,,,,,,*


You could see a centaur.

Vanquished Creatures
  Pikel (D:4)
  Eustachio (D:4)
  Menkaure (D:6)
  Duvessa (D:6)
  3 sky beasts (D:7)
  3 ice beasts
  An ogre (D:4)
  A centaur (D:7)
  A lemure (D:4)
  A gnoll sergeant (D:8)
  4 bullfrogs
  5 scorpions
  A necrophage (D:7)
  Dowan (D:6)
  3 howler monkeys
  A jelly (D:6)
  4 hounds
  2 centaur zombies (Ossuary)
  4 orc priests
  Jessica (D:2)
  An iguana (D:5)
  Terence (D:1)
  4 orc wizards
  3 ogre zombies (Ossuary)
  8 mummies
  11 gnolls
  11 adders
  2 river rats (Sewer)
  2 shadow imps
  4 adder zombies (Ossuary)
  A worm (D:4)
  A dart slug (D:3)
  30 orcs
  21 ball pythons
  5 bats
  10 endoplasms
  3 giant cockroaches
  A gnoll zombie (Ossuary)
  4 goblins
  4 hobgoblins
  4 jackals (D:2)
  6 kobolds
  4 quokkas
  6 frilled lizards
  2 goblin zombies (Ossuary)
  6 hobgoblin zombies (Ossuary)
  6 kobold zombies (Ossuary)
  2 quokka zombies (Ossuary)
  34 rats
  4 rat zombies (Ossuary)
241 creatures vanquished.

Notes
Turn   | Place    | Note
-------+----------+-------------------------------------------
     0 | D:1      | snarfax the Ogre Berserker began the quest for the Orb.
     0 | D:1      | Reached XP level 1. HP: 24/24 MP: 1/1
   403 | D:1      | Reached XP level 2. HP: 28/32 MP: 2/2
  1191 | D:1      | You fall into a shaft and drop 1 floor!
  1196 | D:2      | Noticed Jessica
  1503 | D:1      | Reached XP level 3. HP: 32/35 MP: 3/3
  1692 | D:2      | Noticed Terence
  1707 | D:1      | Killed Terence
  1914 | D:2      | Killed Jessica
  1915 | D:2      | Reached XP level 4. HP: 49/49 MP: 4/4
  1934 | D:2      | Reached skill level 5 in Fighting
  1947 | D:2      | Reached ** piety under Trog
  2274 | D:2      | Reached XP level 5. HP: 12/57 MP: 5/5
  2578 | D:2      | Found a faded altar of an unknown god.
  2765 | D:2      | Found Ymenwap's Jewellery Emporium.
  3519 | D:3      | Reached XP level 6. HP: 62/66 MP: 6/6
  3643 | D:3      | Reached skill level 5 in Axes
  4290 | D:4      | Noticed Eustachio
  4344 | D:4      | Killed Eustachio
  4345 | D:4      | Reached skill level 6 in Fighting
  4370 | D:4      | Found a glowing drain.
  4384 | Sewer    | Entered a sewer
  4581 | Sewer    | Reached XP level 7. HP: 45/75 MP: 7/7
  5146 | Sewer    | Reached *** piety under Trog
  5235 | Sewer    | Reached skill level 7 in Fighting
  5585 | D:4      | Noticed Pikel
  5608 | D:4      | Killed Pikel
  5609 | D:4      | Reached skill level 8 in Fighting
  5609 | D:4      | Reached skill level 5 in Dodging
  5609 | D:4      | Reached XP level 8. HP: 61/91 MP: 8/8
  5611 | D:4      | Upgraded the game from 0.29-a0-668-g12ee2bf84d to
                  | 0.29-a0-676-ga64570c9d2
  6297 | D:4      | Reached skill level 9 in Fighting
  6775 | D:5      | Entered Level 5 of the Dungeon
  7040 | D:5      | Reached skill level 10 in Fighting
  7482 | D:5      | Identified the +7 scythe "Ames" {vorpal, *Noise rF+++ rC-
                  | Stlth+}
  7829 | D:6      | Noticed Menkaure
  8015 | D:6      | Killed Menkaure
  8016 | D:6      | Reached XP level 9. HP: 102/102 MP: 9/9
  8225 | D:6      | Found a staircase to the Ecumenical Temple.
  8460 | D:6      | Noticed Dowan
  8479 | D:6      | Killed Dowan
  8480 | D:6      | Reached skill level 11 in Fighting
  8494 | D:6      | Noticed Duvessa
  8507 | D:6      | Killed Duvessa
  9106 | D:6      | Reached **** piety under Trog
 10965 | D:7      | Reached skill level 12 in Fighting
 11516 | D:8      | Found a sand-covered staircase.
 11529 | Ossuary  | Entered an ossuary
 12465 | D:8      | Found Ireucvib's Weapon Emporium.
 12497 | D:8      | Reached XP level 10. HP: 88/117 MP: 10/10
 12576 | D:8      | Shot with an arrow by a centaur

Illustrated notes

Levels and vault maps discovered:
D:1:      dpeg_arrival_round_a, layout_basic
D:2:      layout_rooms, ebering_ecumenical_altar_box, serial_shops, shop,
          uniq_jessica, uniq_terence
D:3:      layout_loops_ring, roderic_lattice_a, grunt_decor_junction
D:4:      layout_basic, cheibrodos_sewer_entry_drain, uniq_pikel, uniq_eustachio
D:5:      layout_basic, minivault_4
D:6:      layout_loops_ring, minmay_temple_entry_slanted, uniq_menkaure,
          uniq_duvessa
D:7:      layout_rooms, minmay_manual_mares
D:8:      layout_basic, serial_shops, kennysheep_mini_moat,
          gup_ossuary_entry_pyramid, enter_bailey_6, uniq_prince_ribbit1

Skill      XL: |  1  2  3  4  5  6  7  8  9 |
---------------+----------------------------+-----
Dodging        | 3 4 5 6 |  6.5
Axes           | 4 5 6 7 8 |  8.9
Fighting       | 5 6 8 10 12 | 12.4

Action                   |  1- 3 |  4- 6 |  7- 9 | 10-12 || total
-------------------------+-------+-------+-------+-------++-------
Melee: Hand axe          |    97 |   195 |   600 |    32 ||   924
       Punch             |     1 |     1 |    10 |       ||    12
Throw: Dart              |       |     6 |    24 |       ||    30
Invok: Berserk           |       |     3 |     6 |     1 ||    10
       Trog's Hand       |       |     1 |     2 |     1 ||     4
       Brothers in Arms  |       |       |       |     1 ||     1
Evoke: Wand              |       |       |     4 |     2 ||     6
  Use: Scroll            |       |     5 |    11 |     1 ||    17
       Potion            |       |       |     2 |     3 ||     5
 Stab: Sleeping          |     1 |       |     1 |       ||     2
Armor: Animal skin       |    35 |    47 |   117 |     7 ||   206
Dodge: Dodged            |    55 |   115 |   265 |    27 ||   462

Table legend: (Time is in decaauts)
 A = Elapsed time spent in this place.
 B = Non-inter-level travel time spent in this place.
 C = Inter-level travel time spent in this place.
 D = Time resting spent in this place.
 E = Time spent auto-exploring this place.
 F = Levels seen in this place.
 G = Mean time per level.
                   A        B        C        D        E       F      G
               +--------+--------+--------+--------+--------+-----+--------+
         Total |  12667 |  12339 |    328 |   4056 |   5884 |  10 | 1266.7 |
       Dungeon |  10743 |  10415 |    328 |   3232 |   5459 |   8 | 1342.9 |
         Sewer |   1032 |   1032 |      0 |    586 |    119 |   1 | 1032.0 |
       Ossuary |    891 |    891 |      0 |    237 |    306 |   1 |  891.0 |
               +--------+--------+--------+--------+--------+-----+--------+

Top non-repeatable levels by time:
     D:1: 1860 daAuts
     D:6: 1786 daAuts
     D:7: 1780 daAuts
     D:4: 1613 daAuts
     D:3: 1317 daAuts
     D:5: 1151 daAuts
     D:2: 1068 daAuts
   Sewer: 1032 daAuts
 Ossuary: 891 daAuts
     D:8: 166 daAuts
